 Dungeon Crawl Stone Soup version 0.23-a0-141-g456867d (webtiles) character file.

82992 MothsLongingForFire the Warrior (level 15, -4/145 HPs)
             Began as a Hill Orc Abyssal Knight on Aug 31, 2018.
             Was the Champion of Lugonu.
             Slain by a skeletal warrior
             ... wielding a +0 halberd
              (13 damage)
             ... on level 12 of the Dungeon.
             The game lasted 01:03:02 (34027 turns).

MothsLongingForFire the Warrior (HOAK)             Turns: 34027, Time: 01:03:02

Health: -4/145     AC: 20    Str: 22    XL:     15   Next: 75%
Magic:  25/26      EV:  9    Int: 12    God:    Lugonu [******]
Gold:   1244       SH:  0    Dex: 10    Spells: 14/14 levels left

rFire    + . .     SeeInvis .   d - +4 war axe
rCold    . . .     Gourm    +   (no shield)
rNeg     . . .     Faith    .   E - +0 plate armour
rPois    +         Spirit   .   T - +0 helmet
rElec    .         Reflect  .   y - +0 cloak
rCorr    .         Harm     .   X - +0 pair of gloves
MR       +....                  (no boots)
Stlth    ..........             a - amulet of the gourmand
HPRegen  0.34/turn              P - ring of poison resistance
MPRegen  0.20/turn              f - ring of protection from fire

@: no status effects
A: no striking features
a: Depart the Abyss, Bend Space, Banish, Corrupt, Enter the Abyss, Brand Weapon
With Distortion, Renounce Religion


You were on level 12 of the Dungeon.
You worshipped Lugonu.
Lugonu was exalted by your worship.
You were very full.

You visited 2 branches of the dungeon, and saw 19 of its levels.
You visited the Abyss 1 time.
You also visited: Sewer.

You collected 1424 gold pieces.
You spent 180 gold pieces at shops.


   Skills:
 - Level 16.7 Fighting
 * Level 15.9 Axes
 + Level 12.5 Armour
 + Level 5.4 Dodging
 + Level 2.4 Shields
 - Level 15.2 Invocations


You had 14 spell levels left.
You didn't know any spells.
Your spell library contained the following spells:

 Spells                   Type           Power        Failure   Level  Hunger
 Animate Skeleton         Necr           N/A          98%         1    ##.....
 Apportation              Tloc           #.....       98%         1    ##.....
 Confusing Touch          Hex            #.....       98%         1    ##.....
 Corona                   Hex            #......      98%         1    ##.....
 Summon Small Mammal      Summ           #...         98%         1    ##.....
 Ensorcelled Hibernation  Hex/Ice        #.....       99%         2    ###....
 Confuse                  Hex            #.......     100%        3    ####...
 Dazzling Spray           Conj/Hex       #.....       100%        3    ####...
 Gell's Gravitas          Tloc           #.........   100%        3    ####...
 Tukima's Dance           Hex            #.......     100%        3    ####...
 Petrify                  Tmut/Erth      #.......     100%        4    #####..
 Metabolic Englaciation   Hex/Ice        #.........   100%        5    ######.
 Yara's Violent Unravell  Hex/Tmut       #.........   100%        5    ######.

Inventory:

Hand Weapons
 d - a +4 war axe (weapon)
 p - a +4 hand axe of venom
 B - the +6 hand axe of the Blowfly {chop, +Fly Int+2 SInv Stlth-}
   (You found it on level 7 of the Dungeon)

   It inflicts extra damage upon your enemies.
   It affects your intelligence (+2).
   It lets you see invisible.
   It lets you fly.
   It makes you less stealthy.
 Q - a +2 hand axe of flaming
Missiles
 l - 4 throwing nets {=f}
 Y - 7 javelins (quivered)
Armour
 v - a +0 shield
 y - a +0 cloak (worn)
 E - a +0 plate armour (worn)
 T - a +0 helmet (worn)
 X - a +0 pair of gloves (worn)
Jewellery
 a - an amulet of the gourmand (around neck)
 f - a ring of protection from fire (right hand)
 P - a ring of poison resistance (left hand)
 R - an uncursed ring of resist corrosion
 V - the ring of Vehumet's Displeasure {Ice +Blink rElec Int+3 Dex+4}
   (You found it on level 5 of the Lair of Beasts)

   [ring of ice]

   It enhances your ice magic.
   It affects your intelligence (+3).
   It affects your dexterity (+4).
   It makes you vulnerable to fire.
   It protects you from cold.
   It insulates you from electricity.
   It lets you blink.
Wands
 o - a wand of digging (5)
 C - a wand of paralysis (11)
 I - a wand of iceblast (2)
 W - a wand of disintegration (12)
Scrolls
 e - 2 scrolls of enchant armour {unknown}
 h - 2 scrolls of teleportation {@r4}
 k - 10 scrolls of remove curse {@r2}
 n - 5 scrolls of enchant weapon
 q - 5 scrolls of fear
 t - 3 scrolls of summoning {unknown}
 u - 4 scrolls of blinking
 z - 2 scrolls of noise {unknown}
 D - 3 scrolls of acquirement {unknown}
 H - 2 scrolls of torment {unknown}
 K - 4 scrolls of fog {unknown}
 M - a scroll of holy word {unknown}
 Z - a scroll of amnesia {unknown}
Potions
 b - a potion of degeneration {unknown}
 g - 10 potions of curing {@q1}
 i - 4 potions of might
 j - a potion of mutation {!q}
 m - 4 potions of agility
 r - 3 potions of flight
 s - 2 potions of invisibility
 w - 7 potions of heal wounds {@q2}
 x - 8 potions of brilliance
 A - 4 potions of lignification {!q}
 F - 2 potions of resistance
 G - 2 potions of ambrosia {unknown}
 J - 4 potions of berserk rage {!q}
 O - 3 potions of haste {@q3}
Miscellaneous
 N - a lightning rod (4/4)
Comestibles
 c - 42 rations {@e1}

Dungeon Overview and Level Annotations

Branches:
Dungeon (13/15)            Temple (0/1) D:7            Lair (6/6) D:8
  Swamp (0/4) Lair:4       Spider (0/4) Lair:4        Slime (0/5) Lair:5
    Orc (0/2) D:10
 Vaults: D:13-14

Altars:
Cheibriados
Dithmenos
Gozag
Makhleb
Nemelex Xobeh
Qazlal
Ru
Trog
Uskayaw
Wu Jian
Yredelemnul
Jiyva

Shops:
D:11 !

Portals:
Hell: Lair:6

Annotations:
D:1 exclusion: downstairs
D:7 exclusion: downstairs
D:12 3 runed doors, Thaneod's ghost, journeyman VSFi

###........# #.# #
#........# #.#
###[[......# #.#
..#........# #.#
#......##### #.#
######....#######.###
####...#......)#
###......†>.#
###....@..# #<).....#
#)..z...# #.......#
#.......# #.......#
#########


You could see a skeletal warrior.


Message History

The skeletal warrior is heavily damaged.
The skeletal warrior hits you with a halberd!
* * * LOW HITPOINT WARNING * * *
You hit the skeletal warrior.
The skeletal warrior is severely damaged.
The skeletal warrior hits you with a halberd.
* * * LOW HITPOINT WARNING * * *
You hit the skeletal warrior.
The skeletal warrior is severely damaged.
You hit the skeletal warrior but do no damage.
The skeletal warrior is severely damaged.
The skeletal warrior hits you with a halberd!!
* * * LOW HITPOINT WARNING * * *
You hit the skeletal warrior but do no damage.
The skeletal warrior is severely damaged.
Your plate armour prevents you from hitting the skeletal warrior.
The skeletal warrior is severely damaged.
The skeletal warrior hits you with a halberd!
* * * LOW HITPOINT WARNING * * *
Use which ability? (? or * to list) Space bends sharply around you!
The skeletal warrior blinks!
You blink.
The skeletal warrior hits you with a halberd.
* * * LOW HITPOINT WARNING * * *
Use which ability? (? or * to list) Space bends around you!
You blink.
The skeletal warrior hits you from afar with a halberd!
* * * LOW HITPOINT WARNING * * *
The skeletal warrior hits you from afar with a halberd!
You die...

Skill      XL: |  1  2  3  4  5  6  7  8  9 10 11 12 13 14 15 |
---------------+----------------------------------------------+-----
Axes           | 3 4 5 6 8 9 11 13 14 15 | 15.9
Fighting       | 4 5 6 8 9 12 13 14 16 | 16.7
Invocations    | 3 5 6 7 10 11 13 15 | 15.2
Armour         | 4 7 9 11 12 | 12.5
Dodging        | 2 5 |  5.4
Shields        | 2 |  2.4

Action                   |  1- 3 |  4- 6 |  7- 9 | 10-12 | 13-15 || total
-------------------------+-------+-------+-------+-------+-------++-------
Melee: Hand axe          |   129 |   277 |   489 |   645 |   481 ||  2021
       Mace              |       |       |       |     4 |       ||     4
       Unarmed           |       |       |       |       |     2 ||     2
       War axe           |       |       |       |       |   411 ||   411
Throw: Stone             |     5 |     1 |     7 |     5 |       ||    18
       Throwing net      |       |       |     2 |       |       ||     2
       Tomahawk          |       |       |       |    16 |    12 ||    28
       Javelin           |       |       |       |       |     2 ||     2
Invok: Depart the Abyss  |     1 |       |       |       |       ||     1
       Bend Space        |       |     3 |    10 |    18 |    14 ||    45
       Banish            |       |       |       |     1 |     2 ||     3
Evoke: Wand              |       |       |    36 |    38 |     8 ||    82
  Use: Scroll            |       |    11 |     4 |     6 |     5 ||    26
       Potion            |       |     2 |     1 |       |     2 ||     5
 Stab: Petrified         |       |       |       |       |     9 ||     9
       Petrifying        |       |       |       |       |     1 ||     1
       Paralysed         |       |       |       |       |     5 ||     5
  Eat: Chunk             |     2 |    11 |    20 |    42 |    36 ||   111
       Ration            |       |       |       |     2 |       ||     2
Armor: Leather armour    |    49 |    17 |       |       |       ||    66
       Skin              |       |    13 |       |       |       ||    13
       Ring mail         |       |    27 |       |       |       ||    27
       Scale mail        |       |    13 |    17 |       |       ||    30
       Chain mail        |       |       |   200 |   119 |       ||   319
       Plate armour      |       |       |       |    94 |   566 ||   660
Dodge: Dodged            |   103 |   128 |   171 |   131 |   317 ||   850

Vault maps used:
D:1:      minmay_arrival_hallway
D:2:      wad_crossroads, nicolae_overflow_crystal_walls, first_ration,
          hangedman_decor_push, uniq_terence
D:3:      cheibrodos_fertilizer
D:4:      overflow_temple_1_default
D:5:      cheibriados_altar_1, minmay_misc_feat_four_crosses,
          kennysheep_cluttered_room, uniq_eustachio, uniq_prince_ribbit1
D:6:      nemelex_xobeh_ov_fountains_minmay, portal_sewer_entry_f
D:7:      temple_doors_ab, basic_altar, uniq_menkaure, uniq_duvessa
D:8:      nicolae_qazlal_general_emergency, makhleb_grotto_becter,
          dpeg_lair_monsters, basic_altar, uniq_psyche
D:9:      nicolae_ru_sacrificial_ziggurat, marbit_many_paths,
          grunt_dithmenos_shadows, lemuel_round_altar, hangedman_ranch,
          lightli_orcish_oven
D:10:     argonaut_augean_stables, david_orc_1_choice, basic_loot_grate_trap,
          uniq_gastronok, uniq_fannar, uniq_erolcha
D:11:     serial_shops, nicolae_shop_statue_plus, grunt_decor_fettered,
          nrook_mini_vaults, uniq_urug
D:12:     lemuel_insect_pit, ebering_ghost_funeral_grove, minmay_checkerbox,
          uniq_maurice
D:13:     david_vaults_3, uniq_snorg
Lair:1:   st_stairs_13, grunt_megastairs_3
Lair:4:   swamp_mist_pool, spider_nest_entry_webs, serial_bayou_pond_a,
          beast_lair_carwin_8, grunt_megastairs_2
Lair:5:   slime_altar_1, infiniplex_staircase_pool_2
Lair:6:   evil_forest, grunt_megastairs_1, uniq_kirke
Abyss:1:  evilmike_abyss_exit_8
Sewer:    kennysheep_pipe_town

Notes
Turn   | Place    | Note
-------+----------+-------------------------------------------
     0 | Abyss:1  | MothsLongingForFire the Hill Orc Abyssal Knight began the
                  | quest for the Orb.
     0 | Abyss:1  | Reached XP level 1. HP: 19/19 MP: 2/2
    26 | D:1      | You pass through the gate.
    26 | D:1      | Escaped the Abyss
   284 | D:1      | Reached skill level 3 in Axes
   359 | D:1      | Reached XP level 2. HP: 25/27 MP: 3/3
   458 | D:1      | Reached * piety under Lugonu
   476 | D:1      | Reached skill level 4 in Fighting
   706 | D:1      | Reached skill level 4 in Axes
   710 | D:1      | Reached XP level 3. HP: 28/33 MP: 4/4
  1537 | D:2      | Found a basalt altar of Yredelemnul.
  1626 | D:2      | Reached XP level 4. HP: 16/41 MP: 5/5
  2036 | D:2      | Reached skill level 5 in Axes
  2220 | D:2      | Noticed Terence
  2231 | D:2      | Reached ** piety under Lugonu
  2493 | D:2      | Noticed an ogre
  2691 | D:3      | Reached XP level 5. HP: 25/47 MP: 4/6
  3108 | D:3      | Reached skill level 5 in Fighting
  3108 | D:3      | Reached skill level 6 in Axes
  3457 | D:3      | Reached XP level 6. HP: 56/56 MP: 7/7
  3854 | D:3      | Reached skill level 7 in Axes
  4038 | D:4      | Found an ornate altar of the Wu Jian Council.
  5128 | D:4      | Reached skill level 6 in Fighting
  5332 | D:4      | Reached skill level 8 in Axes
  5332 | D:4      | Reached XP level 7. HP: 61/63 MP: 5/8
  5758 | D:2      | Killed Terence
  6348 | D:4      | Reached skill level 9 in Axes
  6348 | D:4      | Reached skill level 3 in Invocations
  6488 | D:5      | Entered Level 5 of the Dungeon
  6491 | D:5      | Found a snail-covered altar of Cheibriados.
  6831 | D:5      | Noticed Prince Ribbit
  6968 | D:6      | Reached XP level 8. HP: 71/71 MP: 10/10
  6983 | D:6      | Reached skill level 7 in Fighting
  7043 | D:6      | Reached *** piety under Lugonu
  7063 | D:6      | Reached skill level 4 in Invocations
  7408 | D:6      | Reached skill level 10 in Axes
  7437 | D:6      | Found a glowing drain.
  7456 | Sewer    | Entered a sewer
  7675 | Sewer    | Reached skill level 5 in Invocations
  7855 | D:6      | Reached **** piety under Lugonu
  8107 | D:5      | Killed Prince Ribbit
  8107 | D:5      | Reached skill level 8 in Fighting
  8107 | D:5      | Reached skill level 11 in Axes
  8107 | D:5      | Reached XP level 9. HP: 32/81 MP: 4/13
  8340 | D:5      | Noticed Eustachio
  8370 | D:5      | Killed Eustachio
  8370 | D:5      | Reached skill level 6 in Invocations
  8968 | D:6      | Found a sparkling altar of Nemelex Xobeh.
  9432 | D:6      | Reached skill level 12 in Axes
  9870 | D:7      | Noticed Menkaure
 10259 | D:6      | Killed Menkaure
 10259 | D:6      | Reached skill level 9 in Fighting
 10585 | D:7      | Found a burning altar of Makhleb.
 10714 | D:7      | Noticed Duvessa
 10715 | D:7      | Noticed Dowan
 10725 | D:7      | Killed Dowan
 10729 | D:7      | Killed Duvessa
 10729 | D:7      | Reached skill level 13 in Axes
 10869 | D:7      | Found a staircase to the Ecumenical Temple.
 10967 | D:7      | Got a slimy hand axe
 10968 | D:7      | Identified the +6 hand axe of the Blowfly {chop, +Fly Int+2
                  | SInv Stlth-} (You found it on level 7 of the Dungeon)
 11072 | D:8      | Noticed Psyche
 11314 | D:8      | Reached XP level 10. HP: 77/90 MP: 10/14
 11380 | D:7      | Killed Psyche
 11380 | D:7      | Reached skill level 10 in Fighting
 11709 | D:8      | Reached skill level 14 in Axes
 11733 | D:8      | Noticed a death yak
 11734 | D:8      | Noticed a death yak
 11821 | D:8      | Found a stormy altar of Qazlal.
 11869 | D:8      | Found an opulent altar of Gozag.
 12054 | D:8      | Noticed a death yak
 12371 | D:9      | Reached skill level 11 in Fighting
 12413 | D:9      | Noticed a two-headed ogre
 12435 | D:9      | Killed a two-headed ogre
 12479 | D:9      | Reached ***** piety under Lugonu
 12506 | D:9      | Reached skill level 12 in Fighting
 12799 | D:9      | Found a bloodstained altar of Trog.
 12862 | D:9      | Found a sacrificial altar of Ru.
 12956 | D:9      | Noticed a two-headed hydra
 12965 | D:9      | Reached skill level 3 in Armour
 12981 | D:9      | Banished a two-headed hydra
 12981 | D:9      | Reached skill level 7 in Invocations
 12988 | D:9      | Reached skill level 4 in Armour
 12988 | D:9      | Reached XP level 11. HP: 78/103 MP: 8/16
 13240 | D:9      | Found a hide-covered altar of Uskayaw.
 13267 | D:9      | Found a shadowy altar of Dithmenos.
 13376 | D:8      | Found a staircase to the Lair.
 13461 | D:8      | Found a burning altar of Makhleb.
 14107 | D:7      | Killed a death yak
 14107 | D:7      | Reached skill level 8 in Invocations
 14485 | D:8      | Killed a death yak
 14485 | D:8      | Reached skill level 13 in Fighting
 14485 | D:8      | Reached skill level 5 in Armour
 14691 | D:8      | Found a stormy altar of Qazlal.
 14726 | D:8      | Found an opulent altar of Gozag.
 14863 | D:8      | Found a staircase to the Lair.
 14973 | D:8      | Found a burning altar of Makhleb.
 15133 | D:8      | Killed a death yak
 15169 | D:8      | Found a staircase to the Lair.
 15332 | D:8      | Found an opulent altar of Gozag.
 15401 | D:8      | Found a stormy altar of Qazlal.
 15470 | D:8      | Found a burning altar of Makhleb.
 15625 | Lair:1   | Entered Level 1 of the Lair of Beasts
 15753 | Lair:1   | Noticed a five-headed hydra
 15776 | Lair:1   | Killed a five-headed hydra
 15776 | Lair:1   | Reached skill level 6 in Armour
 15776 | Lair:1   | Reached skill level 9 in Invocations
 16092 | Lair:1   | Reached skill level 1 in Dodging
 16551 | D:10     | Entered Level 10 of the Dungeon
 16997 | D:10     | Reached skill level 2 in Dodging
 16998 | D:10     | Noticed Gastronok
 17211 | D:10     | Killed Gastronok
 17211 | D:10     | Reached skill level 7 in Armour
 17211 | D:10     | Reached skill level 10 in Invocations
 17211 | D:10     | Reached XP level 12. HP: 75/114 MP: 12/19
 17298 | D:10     | Noticed Erolcha
 17400 | Lair:1   | Noticed a five-headed hydra
 17411 | Lair:1   | Killed a one-headed hydra
 17411 | Lair:1   | Reached skill level 3 in Dodging
 17425 | Lair:1   | Reached skill level 14 in Fighting
 18121 | Lair:2   | Noticed a five-headed hydra
 18135 | Lair:2   | Killed a one-headed hydra
 19804 | Lair:3   | Reached skill level 8 in Armour
 20266 | Lair:3   | Reached skill level 4 in Dodging
 20655 | Lair:4   | Reached skill level 11 in Invocations
 21248 | Lair:4   | Found a staircase to the Swamp.
 22114 | Lair:4   | Found a hole to the Spider Nest.
 22211 | Lair:4   | Reached skill level 9 in Armour
 22223 | Lair:4   | Reached skill level 5 in Dodging
 22655 | Lair:4   | Reached XP level 13. HP: 109/123 MP: 18/21
 22998 | Lair:5   | Found a viscous altar of Jiyva.
 22998 | Lair:5   | Found a staircase to the Slime Pits.
 23525 | Lair:5   | Reached skill level 12 in Invocations
 23720 | Lair:5   | Reached skill level 15 in Fighting
 23908 | Lair:5   | Got a pitted ivory ring
 23910 | Lair:5   | Identified the ring of Vehumet's Displeasure {Ice +Blink
                  | rElec Int+3 Dex+4} (You found it on level 5 of the Lair of
                  | Beasts)
 24563 | Lair:6   | Entered Level 6 of the Lair of Beasts
 24563 | Lair:6   | Noticed Kirke
 25306 | Lair:5   | Killed Kirke
 25306 | Lair:5   | Reached skill level 10 in Armour
 26113 | Lair:6   | Reached skill level 13 in Invocations
 27244 | Lair:6   | Noticed a dire elephant
 27295 | Lair:6   | Killed a dire elephant
 27295 | Lair:6   | Reached skill level 16 in Fighting
 27295 | Lair:6   | Reached skill level 11 in Armour
 28225 | Lair:6   | Reached XP level 14. HP: 128/137 MP: 22/24
 28369 | Lair:6   | Reached skill level 14 in Invocations
 29373 | Lair:6   | Found a burning altar of Makhleb.
 29379 | Lair:6   | Found a gateway to Hell.
 29685 | D:10     | Killed Erolcha
 29735 | D:10     | Reached ****** piety under Lugonu
 29793 | D:10     | Found a staircase to the Orcish Mines.
 29899 | D:10     | Noticed Fannar
 29931 | D:10     | Killed Fannar
 31041 | D:11     | Found Niloipp's Distillery.
 31065 | D:11     | Bought a potion of berserk rage for 60 gold pieces
 31065 | D:11     | Bought a potion of resistance for 120 gold pieces
 31430 | D:11     | Noticed Urug
 31485 | D:11     | Killed Urug
 31661 | D:11     | Identified a potion of experience
 31662 | D:11     | Reached skill level 15 in Axes
 31662 | D:11     | Reached skill level 12 in Armour
 31662 | D:11     | Reached skill level 15 in Invocations
 31662 | D:11     | Reached XP level 15. HP: 145/145 MP: 24/26
 31894 | D:12     | Found a runed door.
 31942 | D:12     | Reached skill level 1 in Shields
 32577 | D:12     | Noticed Maurice
 32591 | D:12     | Killed Maurice
 32677 | D:12     | Reached skill level 2 in Shields
 33046 | D:12     | Found a runed door.
 33132 | D:12     | Noticed Thaneod's ghost (journeyman VSFi)
 33227 | D:12     | Found a runed door.
 34025 | D:12     | HP: 9/145 [skeletal warrior/halberd (9)]
 34027 | D:12     | Slain by a skeletal warrior

Vanquished Creatures
  Gastronok (D:10)
  A dire elephant (Lair:6)
  Erolcha (D:10)
  Fannar (D:10)
  A catoblepas (Lair:6)
  8 hydras
  3 two-headed ogres
  3 death yaks
  A tengu warrior (D:12)
  Urug (D:11)
  A sixfirhy (Lair:6)
  2 skeletal warriors (D:12)
  An unseen horror (D:12)
  A wizard (Lair:6)
  An oklob plant (Lair:6)
  5 elephants (Lair:6)
  An ugly thing (D:12)
  2 cyclopes (D:11)
  A manticore (D:12)
  3 slime creatures (D:12)
  Maurice (D:12)
  2 orange demons (Lair:6)
  A smoke demon (Lair:6)
  A gargoyle (D:10)
  3 black mambas
  10 spiny frogs
  Psyche (D:7)
  A rime drake (Lair:6)
  2 ice devils (Lair:6)
  2 red devils (Lair:6)
  13 komodo dragons
  Prince Ribbit (D:5)
  8 dream sheep
  4 blink frogs (Lair:3)
  7 hippogriffs
  29 yaks
  A redback (Lair:4)
  2 basilisks
  4 wyverns
  Eustachio (D:5)
  7 hogs
  2 vampire mosquitoes (D:12)
  Menkaure (D:6)
  3 wargs (D:10)
  9 water moccasins
  4 hell hounds (Lair:6)
  Duvessa (D:7)
  7 orc warriors
  9 porcupines
  2 sky beasts (D:12)
  An ice beast (D:11)
  2 phantoms
  2 necrophages
  An eye of draining (D:10)
  9 ogres
  3 centaurs
  11 wolves
  8 big kobolds
  16 crocodiles
  13 bullfrogs
  A gnoll sergeant (D:8)
  A wyvern skeleton (D:12)
  2 scorpions
  Dowan (D:7)
  9 killer bees
  4 wights (D:11)
  11 howler monkeys
  An electric eel (Lair:4)
  6 crimson imps
  4 jellies
  A centaur zombie (D:6)
  5 hounds
  A quasit (D:9)
  A bullfrog zombie (D:8)
  3 bullfrog skeletons
  12 orc priests
  3 centaur skeletons
  3 iguanas
  Terence (D:2)
  7 orc wizards
  11 worker ants
  2 hound zombies (D:10)
  A hound skeleton (D:11)
  A worker ant zombie (D:10)
  13 gnolls
  3 howler monkey zombies
  14 adders
  4 shadow imps
  11 oozes
  2 adder skeletons
  4 worms
  3 dart slugs
  11 leopard geckos
  42 orcs
  11 giant cockroaches
  11 goblins
  12 hobgoblins
  13 jackals
  8 quokkas
  2 ball pythons
  16 bats
  A frilled lizard (D:1)
  A jackal skeleton (D:4)
  26 kobolds
  2 quokka zombies
  11 rats
  6 fungi
  2 plants
565 creatures vanquished.

Vanquished Creatures (others)
  Kirke (Lair:5)
  A hydra (D:9)
  A slime creature (D:12)
  5 fungi
  13 plants
  9 toadstools (D:3)
30 creatures vanquished.

Grand Total: 595 creatures vanquished

Table legend:
 A = Turns spent in this place as a percentage of turns spent in the entire game.
 B = Non-inter-level travel turns spent in this place as a percentage of non-inter-level travel turns spent in the entire game.
 C = Inter-level travel turns spent in this place as a percentage of turns spent in this place.
 D = Turns resting spent in this place as a percentage of non-inter-level travel turns spent in this place.
 E = Turns spent auto-exploring this place as a percentage of non-inter-level travel turns spent in this place.
 F = Non-inter-level travel turns spent in this place divided by the number of levels of this place that you've seen.
                   A       B       C       D       E      F
               +-------+-------+-------+-------+-------+----------------------
         Total | 100.0 | 100.0 |   6.0 |  45.8 |  36.2 | 1522.3
       Dungeon |  60.9 |  59.4 |   8.3 |  44.1 |  36.1 | 1461.2
          Lair |  38.2 |  39.6 |   2.6 |  49.6 |  35.8 | 2107.7
         Abyss |   0.1 |   0.1 |   0.0 |   0.0 |  50.0 |  26.0
         Sewer |   0.9 |   0.9 |   0.0 |   0.0 |  54.3 | 302.0
               +-------+-------+-------+-------+-------+----------------------

Table legend:
 A = Non-vault XP
 B = Vault XP
 C = Vault XP percentage of total XP
 D = Non-vault monster count
 E = Vault monster count
 F = Vault count percentage of total count
                 A         B        C        D         E       F
            +---------+---------+-------+---------+---------+-------
      Total |   43527 |   37647 |  46.4 |     395 |     165 |  29.5
            +---------+---------+-------+---------+---------+-------
        D:1 |      42 |       0 |   0.0 |      27 |       0 |   0.0
        D:2 |     194 |      44 |  18.5 |      29 |       5 |  14.7
        D:3 |     235 |     164 |  41.1 |      25 |      18 |  41.9
        D:4 |     387 |       0 |   0.0 |      13 |       0 |   0.0
        D:5 |     149 |     459 |  75.5 |       8 |       2 |  20.0
        D:6 |    1403 |     188 |  11.8 |      45 |       7 |  13.5
        D:7 |     351 |    1707 |  82.9 |      18 |       5 |  21.7
        D:8 |     923 |    2398 |  72.2 |      30 |       6 |  16.7
        D:9 |    1576 |    2236 |  58.7 |      19 |      16 |  45.7
       D:10 |    1234 |    7634 |  86.1 |      17 |      25 |  59.5
       D:11 |    4566 |     827 |  15.3 |      27 |       1 |   3.6
       D:12 |    8056 |    2233 |  21.7 |      39 |       5 |  11.4
       D:13 |     273 |       0 |   0.0 |       8 |       0 |   0.0
     Lair:1 |    3359 |     761 |  18.5 |      10 |       2 |  16.7
     Lair:2 |    1232 |       0 |   0.0 |       4 |       0 |   0.0
     Lair:3 |    2742 |     563 |  17.0 |      12 |       2 |  14.3
     Lair:4 |    4916 |    2662 |  35.1 |      25 |       9 |  26.5
     Lair:5 |    4784 |    3225 |  40.3 |      16 |       8 |  33.3
     Lair:6 |    7105 |   12115 |  63.0 |      23 |      30 |  56.6
      Sewer |       0 |     431 | 100.0 |       0 |      24 | 100.0
            +---------+---------+-------+---------+---------+-------
